 Dungeon Crawl Stone Soup version 0.24.0-124-g2791043dd8 (webtiles) character file.

Game seed: 10319900371957604747, levelgen mode: deterministic

184 Ringelnatz the Skirmisher (level 5, 0/47 HPs)
             Began as a Draconian Berserker on Feb 16, 2020.
             Was a Priest of Trog.
             Killed by nerve-wracking pain
             ... invoked by an orc priest
              (7 damage)
             ... on level 3 of the Dungeon.
             The game lasted 00:33:44 (2588 turns).

Ringelnatz the Skirmisher (Draconian Berserker)     Turns: 2588, Time: 00:33:45

Health: 0/47       AC:  5    Str: 20    XL:     5   Next: 36%
Magic:  5/5        EV: 13    Int:  7    God:    Trog [***...]
Gold:   94         SH:  0    Dex: 11    Spells: 4/4 levels left

rFire    . . .     SeeInvis .   k - +2 short sword (venom)
rCold    . . .     Gourm    .   (no shield)
rNeg     . . .     Faith    .   (armour unavailable)
rPois    .         Spirit   .   (helmet restricted)
rElec    .         Reflect  .   (no cloak)
rCorr    .         Harm     .   (no gloves)
MR       .....                  (no boots)
Stlth    ++........             (no amulet)
HPRegen  0.15/turn              (no ring)
MPRegen  0.09/turn              (no ring)

@: no status effects
A: unfitting armour, cold-blooded, AC +5
a: Berserk, Trog's Hand, Renounce Religion


You were on level 3 of the Dungeon.
You worshipped Trog.
Trog was most pleased with you.
You were hungry.

You visited 1 branch of the dungeon, and saw 3 of its levels.

You collected 94 gold pieces.

Inventory:

Hand Weapons
 a - a +0 hand axe
 e - a +0 hunting sling
 k - a +2 short sword of venom (weapon)
Missiles
 c - 7 curare-tipped darts
 i - 85 stones (quivered)
 j - 18 sling bullets
 m - 10 bolts
 r - 27 arrows
Jewellery
 o - an uncursed ring of magical power {unknown}
Scrolls
 g - a scroll of enchant weapon {unknown}
 l - a scroll of blinking {unknown}
 n - 2 scrolls of identify {unknown}
 p - a scroll of remove curse {unknown}
 q - a scroll of random uselessness {unknown}
 u - a scroll of magic mapping {unknown}
Potions
 d - a potion of magic {unknown}
 f - a potion of lignification {unknown}
 h - a potion of invisibility {unknown}
 t - a potion of degeneration {unknown}
Comestibles
 b - 5 rations
 s - a chunk of flesh


   Skills:
 * Level 4.3 Fighting
 + Level 1.4 Short Blades
 + Level 3.5 Axes
 * Level 1.3 Throwing
 * Level 3.7 Dodging
 * Level 1.1 Stealth


You had 4 spell levels left.
You didn't know any spells.
Your spell library was empty.

Dungeon Overview and Level Annotations

Branches:
Dungeon (3/15)

Altars:


Innate Abilities, Weirdness & Mutations

Your plain brown scales are hard. (AC +5)
You cannot fit into any form of body armour.
You are cold-blooded and may be slowed by cold attacks.


Message History

Trog accepts your kill.
The orc priest miscasts a cantrip.
An adder comes into view.
The adder hisses angrily.
You miss the adder. You tail-slap the adder.
The adder is lightly wounded.
The adder barely misses you. x2
You barely miss the adder.
Your tail-slap misses the adder.
The adder is lightly wounded.
The adder bites you.
* * * LOW HITPOINT WARNING * * *
You barely miss the adder.
The adder is lightly wounded.
The adder bites you but does no damage.
You hit the adder.
The adder is poisoned.
The adder is moderately wounded.
The adder closely misses you.
The orc priest invokes the aid of Beogh against you.
Pain shoots through your body!
You die...

###.#.###.#
#.o)....# ###.#####
#.# #.# #.# #.#
#######o######
######..........@.#
#..รท.....#....###S#
#.####.###.....# .#
....##.###....## ..
#.#.##.....#.## ###
#.#.########.# #.
#.#.# #.# .. #.#.#
##+## #. #.#.#
##...## #.##


You could see an orc priest and an adder.

Vanquished Creatures
  2 orc priests
  2 adders
  2 oozes
  A worm (D:3)
  3 dart slugs
  A leopard gecko (D:2)
  9 orcs
  7 bats
  6 giant cockroaches
  4 goblins
  7 hobgoblins
  14 jackals
  3 frilled lizards
  6 kobolds
  11 rats
78 creatures vanquished.

Notes
Turn   | Place    | Note
-------+----------+-------------------------------------------
     0 | D:1      | Ringelnatz the Draconian Berserker began the quest for the
                  | Orb.
     0 | D:1      | Reached XP level 1. HP: 19/19 MP: 1/1
   151 | D:1      | Reached XP level 2. HP: 19/26 MP: 2/2
   730 | D:2      | Reached XP level 3. HP: 33/33 MP: 3/3
   737 | D:2      | Reached ** piety under Trog
  1289 | D:2      | Reached skill level 4 in Fighting
  1289 | D:2      | Reached XP level 4. HP: 18/40 MP: 4/4
  1345 | D:2      | Reached skill level 1 in Throwing
  1601 | D:2      | Reached skill level 1 in Stealth
  2427 | D:3      | Reached *** piety under Trog
  2459 | D:3      | Reached skill level 1 in Short Blades
  2471 | D:3      | Reached XP level 5. HP: 43/46 MP: 5/5
  2588 | D:3      | Killed from afar by an orc priest

Levels and vault maps discovered:
D:1:      erik_arrival_blinker_ship, layout_basic
D:2:      layout_basic, first_ration, grunt_decor_cap
D:3:      layout_loops_corners, uniq_natasha

Skill      XL: |  1  2  3  4 |
---------------+-------------+-----
Dodging        | 3 |  3.7
Fighting       | 4 |  4.3
Throwing       | 1 |  1.3
Stealth        | 1 |  1.1
Short Blades   | 1 |  1.4
Axes           | |  3.5

Action                   |  1- 3 |  4- 6 || total
-------------------------+-------+-------++-------
Melee: Hand axe          |    87 |       ||    87
       Tailslap          |    12 |    14 ||    26
       Short sword       |    23 |   102 ||   125
Throw: Stone             |     6 |    21 ||    27
 Stab: Sleeping          |       |     1 ||     1
  Eat: Chunk             |     1 |     4 ||     5
Armor: Skin              |    33 |    42 ||    75
Dodge: Dodged            |    92 |    97 ||   189
